 Dungeon Sprint DCSS version 0.16-a0-4097-gb4d75fa (webtiles) character file.

359 Crauler the Spear-Bearer (level 6, -3/42 HPs)
             Began as a Tengu Gladiator on Feb 25, 2015.
             Was an Initiate of Okawaru.
             Slain by a hill giant
             ... wielding a +0 giant club
              (25 damage)
             ... in the Dungeon (Sprint IX: "|||||||||||||||||||||||||||||").
             The game lasted 00:06:33 (281 turns).

Crauler the Spear-Bearer (Tengu Gladiator)           Turns: 281, Time: 00:06:33

Health: -3/42      AC: 11    Str: 17    XL:     6   Next: 65%
Magic:  5/8        EV: 22    Int:  8    God:    Okawaru [......]
Gold:   0          SH:  0    Dex: 15    Spells: 0 memorised, 5 levels left

rFire  . . .     SeeInvis .     r - +4 quarterstaff (protect)
rCold  . . .     Clarity  .     b - +0 leather armour
rNeg   . . .     SustAb   .     (no shield)
rPois  .         Gourm    .     c - +0 hat
rElec  .         Spirit   .     (no cloak)
rCorr  .         Warding  .     a - +0 pair of gloves
rMut   .         NoTele   +     (boots unavailable)
MR     .....                    (no amulet)
Stlth  +.........               v - +2 ring of evasion
                                u - +2 ring of protection

@: flying quickly and evasively, quick, not resistant to hostile enchantments,
very unstealthy
A: able to fly, beak, talons 3
a: Renounce Religion


You were in the Dungeon.
You worshipped Okawaru.
Okawaru was noncommittal.
You were not hungry.

You visited 1 branch

Inventory:

Hand weapons
 q - a +2 halberd of venom
 r - a +4 quarterstaff of protection (weapon)
 s - a +2 rapier of electrocution
 t - a +2 scimitar of flaming
Missiles
 d - 2 throwing nets (quivered)
Armour
 a - a +0 pair of gloves (worn)
 b - a +0 leather armour (worn)
 c - a +0 hat (worn)
 w - a +1 chain mail
Jewellery
 u - a +2 ring of protection (left hand)
 v - a +2 ring of evasion (right hand)
Magical devices
 p - a wand of cold (6)
Scrolls
 k - 2 scrolls of blinking
 n - 3 scrolls of remove curse
 o - 2 scrolls of amnesia
Potions
 e - 5 potions of curing
 g - a potion of invisibility
 h - a potion of haste
 i - 4 potions of magic
 j - a potion of berserk rage
 m - 2 potions of heal wounds
Comestibles
 f - a bread ration
 l - a chunk of flesh


   Skills:
 + Level 6.7 Fighting
 * Level 10.5 Polearms
 - Level 2.1 Throwing
 + Level 4.5 Armour
 + Level 7.8 Dodging


You had 5 spell levels left.
You didn't know any spells.

Dungeon Overview and Level Annotations

Branches:
Dungeon (1/1)

Altars:
Cheibriados
Dithmenos
Elyvilon
Fedhas
Gozag
Kikubaaqudgha
Makhleb
Nemelex Xobeh
Okawaru
Qazlal
Ru
Sif Muna
Trog
Vehumet
Xom
Yredelemnul
Zin
The Shining One
Beogh
Jiyva
Lugonu


Innate Abilities, Weirdness & Mutations

You can fly.
You have a beak for a mouth.
You have claws for feet.


Message History

You peck the hippogriff.
The hippogriff is severely wounded.
The hippogriff bites you but does no damage.
The hippogriff pecks you but does no damage.
The hippogriff completely misses you.
You hit the hippogriff. You claw the hippogriff.
Your peck misses the hippogriff.
The hippogriff is almost dead.
The hippogriff bites you but does no damage.
The hippogriff completely misses you. The hippogriff barely misses you.
You thump the hippogriff!
You kill the hippogriff!
Okawaru accepts your kill.
Your Polearms skill increases to level 10!
Your Armour skill increases to level 4!
You thump the hill giant!
The hill giant is moderately wounded.
The hill giant hits you with a giant club!!
Ouch! That really hurt!
You die... ▓▓▓▓▓▓▓▓▓▓▓▓▓▓▓▓▓▓▓▓▓▓▓▓▓ _______'..|).[..@Cs)....+ ▓▓▓▓▓▓▓▓▓▓▓▓▓▓▓▓▓▓▓▓▓▓▓▓▓

You could see a hill giant and a scorpion.

Vanquished Creatures
  A hippogriff (D)
  A centaur (D)
  A giant frog (D)
  A crimson imp (D)
  A worker ant (D)
  An adder (D)
  A giant gecko (D)
  A goblin (D)
  A hobgoblin (D)
  A giant cockroach (D)
  A kobold (D)
  A quokka skeleton (D)
  2 rats (D)
14 creatures vanquished.

Notes
Turn   | Place    | Note
--------------------------------------------------------------
     0 | D        | Crauler, the Tengu Gladiator, began the quest for the Orb.
     0 | D        | Reached XP level 1. HP: 12/12 MP: 1/1
    15 | D        | Reached skill level 4 in Polearms
    59 | D        | Noticed a centaur
    59 | D        | Noticed a worker ant
    68 | D        | Killed a centaur
    68 | D        | Reached skill level 7 in Polearms
    68 | D        | Reached skill level 5 in Dodging
    68 | D        | Reached XP level 2. HP: 7/20 MP: 3/3
    68 | D        | Reached XP level 3. HP: 8/24 MP: 4/4
    68 | D        | Reached XP level 4. HP: 10/30 MP: 5/5
   102 | D        | Killed a worker ant
   102 | D        | Reached skill level 5 in Fighting
   102 | D        | Reached skill level 8 in Polearms
   102 | D        | Reached XP level 5. HP: 25/35 MP: 7/7
   121 | D        | Found a glowing silver altar of Zin.
   121 | D        | Found a glowing golden altar of the Shining One.
   121 | D        | Found an ancient bone altar of Kikubaaqudgha.
   121 | D        | Found a basalt altar of Yredelemnul.
   121 | D        | Found a shimmering altar of Xom.
   121 | D        | Found a radiant altar of Vehumet.
   121 | D        | Found an iron altar of Okawaru.
   122 | D        | Found a burning altar of Makhleb.
   123 | D        | Found a deep blue altar of Sif Muna.
   124 | D        | Found a bloodstained altar of Trog.
   125 | D        | Found a sparkling altar of Nemelex Xobeh.
   126 | D        | Found a white marble altar of Elyvilon.
   127 | D        | Found a roughly hewn altar of Beogh.
   128 | D        | Found a viscous altar of Jiyva.
   129 | D        | Found a corrupted altar of Lugonu.
   130 | D        | Became a worshipper of Warmaster Okawaru
   221 | D        | Found a blossoming altar of Fedhas.
   222 | D        | Found a snail-covered altar of Cheibriados.
   223 | D        | Found a shadowy altar of Dithmenos.
   224 | D        | Found a stormy altar of Qazlal.
   225 | D        | Found an opulent altar of Gozag.
   226 | D        | Found a sacrificial altar of Ru.
   268 | D        | Noticed a giant frog
   268 | D        | Noticed a hippogriff
   268 | D        | Noticed a hill giant
   268 | D        | Noticed a crimson imp
   268 | D        | Noticed a scorpion
   271 | D        | Killed a crimson imp
   271 | D        | Reached skill level 1 in Armour
   275 | D        | Killed a giant frog
   275 | D        | Reached skill level 9 in Polearms
   275 | D        | Reached XP level 6. HP: 23/41 MP: 8/8
   280 | D        | Killed a hippogriff
   280 | D        | Reached skill level 10 in Polearms
   281 | D        | Slain by a hill giant

Action                   |  1- 3 |  4- 6 || total
-------------------------+-------+-------++-------
Melee: Trident           |    21 |    10 ||    31
       Quarterstaff      |       |    10 ||    10
Throw: Throwing net      |     1 |       ||     1
 Abil: Fly               |       |     1 ||     1
Evoke: Wand              |       |     1 ||     1
  Use: Potion            |       |     1 ||     1
